[Event "23rd Hoogeveen Open 2019"]
[Site "Hoogeveen"]
[Date "2019.10.22"]
[Round "5.28"]
[White "Pekin, Tolgay"]
[Black "Albers, Sasa"]
[Result "1-0"]
[ECO "B12"]
[WhiteElo "2083"]
[BlackElo "1975"]
[Annotator "NA"]
[PlyCount "69"]
[EventDate "2019.10.19"]
[EventType "swiss"]
[EventCountry "NED"]
[SourceTitle "playchess.com"]
[Source "ChessBase"]
[SourceQuality "1"]
[TimeControl "40/5400+30:1800+30"]

1. e4 c6 2. d4 d5 3. e5 c5 4. dxc5 e6 5. a3 (5. Bd3 Bxc5 6. Qg4 Ne7 7. b4 h5 8. Qf4 Bb6 9. Nf3 Nbc6 10. Nbd2 a5 11. b5 Nb4 12. Ba3 Nxd3+ 13. cxd3 {1-0 (25) Dominguez Perez,L (2760)-Nepomniachtchi,I (2775) Dortmund 2019}) 5... Bxc5 6. Nf3 {[%emt 0:00:27] B12: Caro-Kann: Advance Variation} Nd7 7. b4 Be7 8. Bb2 $146 ({Predecessor:} 8. Bd3 a5 9. b5 f6 10. Bb2 fxe5 11. Nxe5 Nxe5 12. Bxe5 Nf6 {½-½ (64) Forcen Esteban,D (2541)-Epishin,V (2536) Roquetas de Mar 2018}) 8... Nh6 9. Bd3 a5 10. b5 O-O 11. O-O Qc7 12. Qe2 Nc5 13. Nbd2 Nxd3 14. cxd3 Nf5 15. Rfc1 Qb6 16. a4 Bd7 17. g4 Nh6 18. Bd4 Qd8 19. h3 f5 20. exf6 Bxf6 21. Ne5 Nf7 22. Ndf3 Nxe5 23. Bxe5 Rc8 24. Qe3 Qe7 25. Kg2 Qf7 26. Rxc8 Bxc8 (26... Rxc8 $16 27. Rc1 Rxc1 28. Qxc1 h5) 27. Rc1 Bxe5 28. Nxe5 Qe7 29. b6 Qf6 30. Rc7 h6 31. f3 $18 Kh8 32. d4 Kg8 33. Qc1 Qd8 34. Ng6 Re8 35. Rxc8 1-0

[Event "23rd Hoogeveen Open 2019"]
[Site "Hoogeveen"]
[Date "2019.10.22"]
[Round "5.29"]
[White "Faber, Hugo"]
[Black "Ricken, Katharina"]
[Result "1/2-1/2"]
[ECO "C09"]
[WhiteElo "2077"]
[BlackElo "1970"]
[Annotator "NA"]
[PlyCount "89"]
[EventDate "2019.10.19"]
[EventType "swiss"]
[EventCountry "NED"]
[SourceTitle "playchess.com"]
[Source "ChessBase"]
[SourceQuality "1"]
[TimeControl "40/5400+30:1800+30"]

1. e4 e6 2. d4 d5 3. Nd2 c5 4. exd5 exd5 5. Bb5+ Nc6 6. Ngf3 Qe7+ 7. Be2 Qc7 {[%emt 0:00:04] C09: French Tarrasch: 3...c5 4 exd5 exd5 5 Ngf3 Nc6} 8. O-O Nf6 9. Re1 Be6 (9... cxd4 10. Bb5+ Be7 11. Nxd4 O-O 12. N2f3 Nxd4 13. Nxd4 Bc5 14. c3 Qb6 15. a4 {½-½ (41) Timofeev,A (2602)-Zvjaginsev,V (2635) Sochi 2019}) 10. Bb5 Be7 11. c3 $146 (11. Bxc6+ $5 bxc6 12. Nb3 $11) ({Predecessor:} 11. dxc5 Bxc5 12. Nb3 Bb6 13. c4 dxc4 14. Bxc4 O-O 15. Bxe6 fxe6 {1-0 (50) Gunina,V (2497)-Zhang,X (2318) China 2018}) 11... O-O 12. dxc5 Bxc5 13. Nb3 Bb6 14. Bxc6 (14. Bg5 $11) 14... bxc6 15. Nbd4 Rfe8 16. h3 Ne4 17. Be3 Rad8 18. Qc1 c5 19. Bf4 Qb7 20. Nxe6 Rxe6 21. Ng5 Nxg5 22. Bxg5 Rde8 23. Qd2 h6 24. Bf4 Qe7 25. Kf1 Re4 (25... d4 $15) 26. f3 Rxe1+ 27. Rxe1 Qxe1+ 28. Qxe1 Rxe1+ 29. Kxe1 f6 30. Ke2 Kf7 (30... c4 $1 $11) 31. Kd3 Ke6 32. b3 Kf5 33. Bd2 Ke6 34. a4 Ke5 35. c4 Bc7 36. Be1 Ke6 37. b4 Bd6 $2 {[%emt 0:07:19] [#]} (37... cxb4 $11 {and Black is okay.} 38. Bxb4 h5) 38. b5 ({White has to play} 38. Bf2 $1 $18) 38... Bc7 39. a5 d4 40. a6 f5 41. Bd2 Ke5 42. Bc1 Ke6 43. Bd2 Ke5 44. Bc1 Ke6 45. Bd2 1/2-1/2

[Event "23rd Hoogeveen Open 2019"]
[Site "Hoogeveen"]
[Date "2019.10.22"]
[Round "5.30"]
[White "Boersma, Jan"]
[Black "Slagboom, Leandro"]
[Result "1/2-1/2"]
[ECO "B53"]
[WhiteElo "2070"]
[BlackElo "1954"]
[Annotator "NA"]
[PlyCount "31"]
[EventDate "2019.10.19"]
[EventType "swiss"]
[EventCountry "NED"]
[SourceTitle "playchess.com"]
[Source "ChessBase"]
[SourceQuality "1"]
[TimeControl "40/5400+30:1800+30"]

1. e4 c5 2. Nf3 d6 3. d4 cxd4 4. Qxd4 a6 5. c4 Nc6 6. Qd1 Nf6 7. Nc3 Bg4 8. Be2 g6 9. O-O Bg7 10. Be3 O-O 11. Ne1 Bxe2 12. Qxe2 Rc8 13. Rc1 Nd7 14. Nf3 $11 Qa5 15. Rfd1 Qh5 16. b3 1/2-1/2

[Event "23rd Hoogeveen Open 2019"]
[Site "Hoogeveen"]
[Date "2019.10.22"]
[Round "5.33"]
[White "Nicolai, Amir"]
[Black "Klaren, Duncan"]
[Result "1-0"]
[ECO "E90"]
[WhiteElo "2117"]
[BlackElo "1923"]
[Annotator "ChessBase"]
[PlyCount "71"]
[EventDate "2019.10.19"]
[EventType "swiss"]
[EventCountry "NED"]
[SourceTitle "playchess.com"]
[Source "ChessBase"]
[SourceQuality "1"]
[TimeControl "40/5400+30:1800+30"]

1. c4 Nf6 2. Nc3 g6 3. e4 d6 4. d4 Bg7 5. h3 O-O 6. Be3 c5 7. Nf3 Nbd7 8. d5 b5 9. cxb5 Qa5 10. Nd2 a6 11. a4 axb5 12. Bxb5 Ba6 13. O-O Bxb5 14. Nxb5 Nb6 15. b3 Rfc8 16. Rc1 Nfd7 17. Bg5 Kf8 18. Qg4 Ne5 19. Qh4 f6 20. Qxh7 fxg5 21. f4 Nf7 22. fxg5 Qxd2 23. Qxg6 Kg8 24. Qxf7+ Kh8 25. Qh5+ Kg8 26. Kh1 Rf8 27. Nc7 Rxf1+ 28. Rxf1 Rf8 29. Rxf8+ Bxf8 30. Qg6+ Bg7 31. Ne6 Qc3 32. a5 Nc8 33. Qxg7+ Qxg7 34. Nxg7 Kxg7 35. h4 Kg6 36. Kh2 1-0

[Event "23rd Hoogeveen Open 2019"]
[Site "Hoogeveen"]
[Date "2019.10.22"]
[Round "5.34"]
[White "Hoffman, Ron"]
[Black "Gijsen, William"]
[Result "1-0"]
[ECO "E61"]
[WhiteElo "1991"]
[BlackElo "2091"]
[Annotator "NA RC"]
[PlyCount "101"]
[EventDate "2019.10.19"]
[EventType "swiss"]
[EventCountry "NED"]
[SourceTitle "playchess.com"]
[Source "ChessBase"]
[SourceQuality "1"]
[TimeControl "40/5400+30:1800+30"]

1. Nf3 c5 2. c4 g6 3. Nc3 Bg7 4. e3 Nf6 5. d4 cxd4 6. exd4 O-O 7. Bg5 d6 8. Be2 h6 9. Bh4 Bg4 10. O-O {[%emt 0:15:10] E61: King's Indian: Early deviations for White, including Smyslov System} Nc6 11. d5 Bxf3 12. Bxf3 Ne5 13. Be2 Rc8 14. b3 Qa5 15. Nb5 $146 ({Predecessor:} 15. Rc1 a6 16. f4 Ned7 17. Be1 Qa3 {1-0 (40) Hayrapetyan,H (2486)-Navarrete Espi,S (2214) Barbera del Valles 2013}) 15... g5 16. Bg3 Ne4 17. Nd4 Nd2 18. Nf5 Nxf1 19. Nxe7+ Kh8 20. Bxf1 Rcd8 (20... Ra8 $16 {keeps fighting.}) 21. Nf5 Ng6 22. Bxd6 Rxd6 23. Nxd6 Bxa1 24. Qxa1+ f6 25. Qb1 Ne5 26. Nf5 Qd2 27. Qe4 Rf7 28. Nxh6 Rh7 29. Ng4 Nxg4 30. Qxg4 Re7 31. Qf5 Kg7 32. g3 Qd4 33. Bd3 Kf8 {[%emt 0:01:06] [#]} 34. Kg2 (34. c5 $1 $18 Qxc5 35. Qxf6+ Ke8 36. Qxg5) 34... Qe5 35. Qxe5 Rxe5 36. g4 Re1 37. a4 Ke7 38. c5 a5 39. Kf3 Rc1 40. Bc4 Rc3+ $2 (40... Rg1 $11 {and Black is okay.}) 41. Ke4 Rh3 42. d6+ Kd8 43. Bd5 Rxh2 44. Bxb7 Rxf2 45. c6 f5+ 46. gxf5 Rc2 47. c7+ Kd7 48. c8=Q+ Rxc8 49. Bxc8+ Kxc8 50. f6 Kd7 51. f7 1-0

[Event "23rd Hoogeveen Open 2019"]
[Site "Hoogeveen"]
[Date "2019.10.22"]
[Round "5.37"]
[White "Taams, Sander"]
[Black "Vasse, Albert"]
[Result "1/2-1/2"]
[ECO "B31"]
[WhiteElo "2094"]
[BlackElo "1934"]
[Annotator "NA"]
[PlyCount "123"]
[EventDate "2019.10.19"]
[EventType "swiss"]
[EventCountry "NED"]
[SourceTitle "playchess.com"]
[Source "ChessBase"]
[SourceQuality "1"]
[TimeControl "40/5400+30:1800+30"]

1. e4 c5 2. Nf3 Nc6 3. Bb5 g6 4. O-O Bg7 5. Nc3 d6 6. Bxc6+ bxc6 7. Re1 {[%emt 0:01:53] B31: Sicilian: 2...Nc6 3 Bb5 g6} (7. e5 Bg4 8. exd6 exd6 9. h3 Bxf3 10. Qxf3 Ne7 11. d3 O-O 12. Bg5 Rb8 13. Rae1 Re8 14. Ne4 Qd7 {1-0 (32) Anand,V (2773)-Baron,T (2532) St Petersburg 2018}) 7... e5 8. a3 Ne7 $146 ({Predecessor:} 8... a5 9. Na4 Ne7 10. c3 Bg4 11. h3 Bxf3 12. Qxf3 O-O 13. d3 f5 14. Qe2 f4 {½-½ (50) Grimberg,G (2285)-Guilbert,H (2140) Clichy 2001}) 9. b4 cxb4 10. axb4 O-O 11. d3 Bg4 12. h3 Be6 13. Be3 Qd7 14. Ng5 Rfb8 15. Nxe6 Qxe6 {[%emt 0:04:17] [#]} 16. Ra4 $1 Qd7 17. Qd2 d5 18. Bc5 d4 19. Ne2 Nc8 20. Rea1 Bf8 21. Bxf8 Kxf8 22. Qh6+ Kg8 23. Qg5 Qd6 24. f4 exf4 25. Nxf4 Rb5 26. Qh4 g5 27. Qh5 gxf4 ({Less strong is} 27... Qxf4 28. Rf1 $17) 28. Qg4+ Kh8 29. Rf1 Ne7 30. Rxf4 Qe6 31. Qf3 f5 32. g4 fxg4 33. hxg4 Rg5 34. Kf1 Rag8 35. Rxa7 R5g7 36. Rf6 Qc8 37. g5 $2 (37. Qf2 c5 38. bxc5 Qxc5 39. Ra8) 37... Qb8 {Double Attack} 38. Rd7 Rxg5 39. Rfd6 Qf8 40. Qf6+ Qxf6+ 41. Rxf6 Rg1+ 42. Ke2 R1g2+ 43. Rf2 Rxf2+ 44. Kxf2 Re8 45. Rxd4 Kg7 46. Rd6 Rf8+ 47. Kg3 Rf6 48. Rd7 Kf7 49. d4 Ke8 50. Ra7 Rf1 51. c4 Rd1 52. d5 cxd5 53. exd5 Rd4 54. b5 Rxc4 55. b6 Nf5+ 56. Kf3 Nd6 57. Rxh7 (57. b7 $11 Nxb7 58. Rxb7) 57... Rb4 $15 58. Rh8+ Kd7 59. Rh7+ Kc8 60. Rc7+ Kb8 61. Rc6 Nc4 62. Rh6 1/2-1/2

[Event "23rd Hoogeveen Open 2019"]
[Site "Hoogeveen"]
[Date "2019.10.23"]
[Round "6.2"]
[White "Werle, Jan"]
[Black "Beerdsen, Thomas"]
[Result "1/2-1/2"]
[ECO "D94"]
[WhiteElo "2544"]
[BlackElo "2472"]
[Annotator "RC"]
[PlyCount "113"]
[EventDate "2019.10.19"]
[EventType "swiss"]
[EventCountry "NED"]
[SourceTitle "playchess.com"]
[Source "ChessBase"]
[SourceQuality "1"]
[TimeControl "40/5400+30:1800+30"]

1. d4 d5 2. c4 c6 3. e3 Nf6 4. Nc3 g6 5. Nf3 Bg7 6. Be2 O-O 7. O-O dxc4 8. Bxc4 Nbd7 9. Bb3 b5 10. Re1 Bb7 11. e4 c5 12. e5 Ne8 13. Ng5 cxd4 14. Nxf7 Rxf7 15. e6 Nd6 16. exf7+ Kh8 17. Nd5 e5 18. Bd2 a5 19. a4 Nc4 20. Nf4 Qg5 21. h4 Qxh4 22. Nh3 Nxd2 23. Qxd2 Bf6 24. f3 Kg7 25. Rac1 e4 26. fxe4 Qg3 27. Be6 Nf8 28. Bd5 Bxd5 29. exd5 d3 30. Re4 bxa4 31. Rf1 Rb8 32. Rxf6 Kxf6 33. Rf4+ Kg7 34. Qc3+ Kh6 35. Rf3 Qd6 36. Nf2 Rb4 37. Rh3+ Kg5 38. Qxd3 Qf4 39. Rg3+ Kh6 40. Qc3 Qd4 41. Qxd4 Rxd4 42. Rd3 Rxd3 43. Nxd3 Kg7 44. Ne5 Kf6 45. Nc6 Kxf7 46. Nxa5 Nd7 47. Nc4 Nc5 48. Nb6 Kf6 49. d6 Ke6 50. d7 Ke7 51. Kf1 Nxd7 52. Kg1 Ke6 53. Nxa4 Kd5 54. Nc3+ Kc4 55. Ne4 Kb3 56. Kf2 Kxb2 57. Ke3 1/2-1/2

[Event "23rd Hoogeveen Open 2019"]
[Site "Hoogeveen"]
[Date "2019.10.23"]
[Round "6.7"]
[White "Kaasen, Tor Fredrik"]
[Black "Okkes, Menno"]
[Result "0-1"]
[ECO "B82"]
[WhiteElo "2415"]
[BlackElo "2326"]
[Annotator "ChessBase"]
[PlyCount "62"]
[EventDate "2019.10.19"]
[EventType "swiss"]
[EventCountry "NED"]
[SourceTitle "playchess.com"]
[Source "ChessBase"]
[SourceQuality "1"]
[TimeControl "40/5400+30:1800+30"]

1. e4 c5 2. Nf3 d6 3. d4 cxd4 4. Nxd4 Nf6 5. Nc3 a6 6. Bd3 e6 7. f4 Qc7 8. Qe2 Nbd7 9. g4 Nc5 10. Bd2 b5 11. g5 Nfd7 12. Nd5 exd5 13. exd5+ Be7 14. Nc6 Nb8 15. Ba5 Nxd3+ 16. cxd3 Qd7 17. Kd2 Nxc6 18. dxc6 Qg4 19. Qf2 O-O 20. Bc3 Re8 21. h4 Qf5 22. Rag1 Qd5 23. h5 Bf5 24. Bd4 Rac8 25. h6 Bf8 26. Rc1 Rxc6 27. Rxc6 Qxc6 28. Rg1 Rc8 29. Ke3 Qc2 30. Qxc2 Rxc2 31. Kf3 Rd2 0-1

[Event "23rd Hoogeveen Open 2019"]
[Site "Hoogeveen"]
[Date "2019.10.23"]
[Round "6.8"]
[White "Moksh Amit Doshi"]
[Black "Morozov, Nichita"]
[Result "1-0"]
[ECO "E20"]
[WhiteElo "2328"]
[BlackElo "2394"]
[Annotator "ChessBase"]
[PlyCount "87"]
[EventDate "2019.10.19"]
[EventType "swiss"]
[EventCountry "NED"]
[SourceTitle "playchess.com"]
[Source "ChessBase"]
[SourceQuality "1"]
[TimeControl "40/5400+30:1800+30"]

1. d4 Nf6 2. c4 e6 3. Nc3 Bb4 4. f3 d5 5. a3 Be7 6. e4 dxe4 7. fxe4 e5 8. d5 Bg4 9. Be2 h5 10. Nf3 Nbd7 11. Qc2 h4 12. Be3 Nh5 13. O-O-O Bxf3 14. Bxf3 Bg5 15. Bxg5 Qxg5+ 16. Kb1 O-O 17. Bxh5 Qxh5 18. Rhf1 a6 19. Rf5 Qh6 20. Qe2 g6 21. Qg4 b5 22. Rf3 Nb6 23. cxb5 axb5 24. Rh3 Na4 25. Na2 Kg7 26. Qxh4 Qxh4 27. Rxh4 Rh8 28. Rxh8 Rxh8 29. h3 Rh4 30. Re1 Rf4 31. Re2 f5 32. exf5 gxf5 33. Nb4 Kf6 34. Na6 Rc4 35. Rc2 Nb6 36. Nxc7 e4 37. b3 Rxc2 38. Kxc2 Ke5 39. g3 b4 40. a4 Kd6 41. a5 Nd7 42. Nb5+ Kxd5 43. a6 Kc6 44. a7 1-0

[Event "23rd Hoogeveen Open 2019"]
[Site "Hoogeveen"]
[Date "2019.10.23"]
[Round "6.13"]
[White "Barthel, Ansgar"]
[Black "Seul, Georg"]
[Result "0-1"]
[ECO "B06"]
[WhiteElo "2037"]
[BlackElo "2411"]
[Annotator "ChessBase"]
[PlyCount "56"]
[EventDate "2019.10.19"]
[EventType "swiss"]
[EventCountry "NED"]
[SourceTitle "playchess.com"]
[Source "ChessBase"]
[SourceQuality "1"]
[TimeControl "40/5400+30:1800+30"]

1. e4 d6 2. d4 g6 3. Nc3 Bg7 4. Be3 a6 5. Qd2 b5 6. O-O-O Bb7 7. f3 Nd7 8. Kb1 Ngf6 9. g4 Nb6 10. Bd3 h5 11. g5 Nfd7 12. h4 c5 13. dxc5 dxc5 14. Nd5 Bxd5 15. exd5 c4 16. Be4 c3 17. Qf2 cxb2 18. Bd4 Bxd4 19. Qxd4 O-O 20. Ne2 Rc8 21. Bd3 Nc5 22. Nc3 Nca4 23. Nxa4 Nxa4 24. Rde1 Qd6 25. Re3 e5 26. Qxe5 Nc3+ 27. Kxb2 Qb4+ 28. Ka1 Qa3 0-1

[Event "23rd Hoogeveen Open 2019"]
[Site "Hoogeveen"]
[Date "2019.10.23"]
[Round "6.14"]
[White "Vestby-Ellingsen, Mads"]
[Black "Dev, Shah"]
[Result "0-1"]
[ECO "D11"]
[WhiteElo "2363"]
[BlackElo "2025"]
[Annotator "ChessBase"]
[PlyCount "72"]
[EventDate "2019.10.19"]
[EventType "swiss"]
[EventCountry "NED"]
[SourceTitle "playchess.com"]
[Source "ChessBase"]
[SourceQuality "1"]
[TimeControl "40/5400+30:1800+30"]

1. d4 d5 2. c4 c6 3. Nf3 Nf6 4. g3 Bf5 5. Nc3 e6 6. Nh4 Bg4 7. h3 Bh5 8. g4 Bg6 9. Nxg6 hxg6 10. g5 Nh5 11. Qb3 Qb6 12. e3 Nd7 13. Bd2 Be7 14. h4 O-O-O 15. O-O-O Kb8 16. Kb1 Rc8 17. Be2 Rhd8 18. Qc2 dxc4 19. Bxc4 Qc7 20. Be2 Nb6 21. Bc1 Rd7 22. a3 Rcd8 23. Bxh5 gxh5 24. Qh7 Nc4 25. Qxg7 Qa5 26. Na2 Qf5+ 27. Ka1 Qc2 28. d5 f6 29. Qh6 Bxa3 30. bxa3 Na5 31. Rd3 Qxd3 32. Nb4 Qe4 33. Rd1 c5 34. gxf6 cxb4 35. f7 Qc2 36. Qg6 Nb3# 0-1

[Event "23rd Hoogeveen Open 2019"]
[Site "Hoogeveen"]
[Date "2019.10.23"]
[Round "6.15"]
[White "Blagojevic, Tijana"]
[Black "Manush Shah"]
[Result "0-1"]
[ECO "B12"]
[WhiteElo "2151"]
[BlackElo "2352"]
[Annotator "ChessBase"]
[PlyCount "90"]
[EventDate "2019.10.19"]
[EventType "swiss"]
[EventCountry "NED"]
[SourceTitle "playchess.com"]
[Source "ChessBase"]
[SourceQuality "1"]
[TimeControl "40/5400+30:1800+30"]

1. e4 c6 2. d4 d5 3. f3 dxe4 4. fxe4 e5 5. Nf3 Bg4 6. Bc4 Nd7 7. c3 Bh5 8. O-O Ngf6 9. Bg5 Qc7 10. Qe1 Bd6 11. Nbd2 O-O 12. Qh4 Bg6 13. Rae1 Rae8 14. Bb3 b5 15. Kh1 Nh5 16. g4 Nhf6 17. dxe5 Bxe5 18. Nxe5 Qxe5 19. Rf5 Bxf5 20. gxf5 Qd6 21. Rg1 Kh8 22. Bf4 Qe7 23. Qg5 Rg8 24. Bc2 g6 25. e5 Nxe5 26. Re1 Nfd7 27. f6 Qe6 28. Re3 Qg4 29. Ne4 Qxg5 30. Bxg5 Ng4 31. Nd6 Ndxf6 32. Nxe8 Rxe8 33. Rxe8+ Nxe8 34. h3 Ne5 35. Be3 a6 36. Bd4 f6 37. Be4 Nd6 38. Bg2 Ndf7 39. b3 Kg7 40. a4 Kf8 41. a5 Ke7 42. Kg1 Kd6 43. b4 Ng5 44. Bc5+ Kd7 45. Kf2 Nd3+ 0-1

[Event "23rd Hoogeveen Open 2019"]
[Site "Hoogeveen"]
[Date "2019.10.23"]
[Round "6.16"]
[White "Elgersma, Onno"]
[Black "Sparenberg, Erik"]
[Result "1-0"]
[ECO "C84"]
[WhiteElo "2306"]
[BlackElo "2142"]
[Annotator "ChessBase"]
[PlyCount "87"]
[EventDate "2019.10.19"]
[EventType "swiss"]
[EventCountry "NED"]
[SourceTitle "playchess.com"]
[Source "ChessBase"]
[SourceQuality "1"]
[TimeControl "40/5400+30:1800+30"]

1. e4 e5 2. Nf3 Nc6 3. Bb5 a6 4. Ba4 Nf6 5. O-O Be7 6. d3 d6 7. c4 O-O 8. h3 Bd7 9. Be3 Nb8 10. Nc3 c5 11. a3 Nc6 12. b4 cxb4 13. Bxc6 bxc3 14. Bxb7 Rb8 15. Rb1 Qc7 16. Bxa6 Qa5 17. Bb7 Ba4 18. Qc1 c2 19. Rb4 d5 20. Bb6 Bxb4 21. Bxa5 Bxa5 22. Bc6 Bxc6 23. Qxc2 dxe4 24. Nxe5 exd3 25. Qxd3 Be4 26. Qd4 Rbd8 27. Qb2 Rd2 28. Qb5 Bc7 29. Nc6 Re8 30. Nb4 h6 31. c5 Red8 32. c6 Nd5 33. Nxd5 Bxd5 34. Qb7 Be5 35. Qb6 Bf6 36. c7 Rf8 37. Qd6 Rc8 38. Qd7 Rf8 39. c8=Q Rxc8 40. Qxc8+ Kh7 41. Qf5+ Kg8 42. Rb1 Kf8 43. Qf4 Rc2 44. Qd6+ 1-0

[Event "23rd Hoogeveen Open 2019"]
[Site "Hoogeveen"]
[Date "2019.10.23"]
[Round "6.17"]
[White "Tabak, Stefan"]
[Black "De Jong, Migchiel"]
[Result "0-1"]
[ECO "A09"]
[WhiteElo "2181"]
[BlackElo "2330"]
[Annotator "ChessBase"]
[PlyCount "118"]
[EventDate "2019.10.19"]
[EventType "swiss"]
[EventCountry "NED"]
[SourceTitle "playchess.com"]
[Source "ChessBase"]
[SourceQuality "1"]
[TimeControl "40/5400+30:1800+30"]

1. g3 d5 2. Bg2 e5 3. c4 d4 4. d3 Nc6 5. Nf3 Bb4+ 6. Nbd2 a5 7. Qc2 Nf6 8. O-O O-O 9. a3 Be7 10. b3 h6 11. Bb2 Bf5 12. Nh4 Bh7 13. Bh3 Bc5 14. Ne4 Nxe4 15. dxe4 Ne7 16. Nf5 Nxf5 17. exf5 c6 18. Kh1 Re8 19. Bg2 d3 20. exd3 Bxf5 21. Rad1 Bd4 22. Bc1 Qd7 23. Rfe1 Rad8 24. Be3 Qe7 25. c5 Qf6 26. Bxd4 Rxd4 27. f4 Re6 28. fxe5 Rxe5 29. Rxe5 Qxe5 30. Qc3 Qe2 31. Qc1 Rxd3 32. Rxd3 Qxd3 33. b4 axb4 34. axb4 Be4 35. Qe1 f5 36. h4 Qd5 37. Bxe4 Qxe4+ 38. Qxe4 fxe4 39. Kg2 Kf7 40. Kf2 Ke6 41. Ke3 Ke5 42. h5 Kf5 43. Kd4 e3 44. Kxe3 Kg4 45. Ke4 Kxh5 46. Ke5 Kg4 47. Kd6 Kxg3 48. Kc7 h5 49. Kxb7 h4 50. Kxc6 h3 51. b5 h2 52. Kc7 h1=Q 53. b6 Kf4 54. c6 Ke5 55. b7 Kd5 56. Kb6 Qg1+ 57. Kc7 Qc5 58. b8=N Qa7+ 59. Kc8 Kd6 0-1

[Event "23rd Hoogeveen Open 2019"]
[Site "Hoogeveen"]
[Date "2019.10.23"]
[Round "6.18"]
[White "De Boer, Eelke"]
[Black "Pekin, Tolgay"]
[Result "1-0"]
[ECO "B33"]
[WhiteElo "2323"]
[BlackElo "2083"]
[Annotator "ChessBase"]
[PlyCount "95"]
[EventDate "2019.10.19"]
[EventType "swiss"]
[EventCountry "NED"]
[SourceTitle "playchess.com"]
[Source "ChessBase"]
[SourceQuality "1"]
[TimeControl "40/5400+30:1800+30"]

1. e4 c5 2. Nf3 Nc6 3. d4 cxd4 4. Nxd4 Nf6 5. Nc3 e5 6. Ndb5 d6 7. Bg5 a6 8. Na3 b5 9. Nd5 Be7 10. Bxf6 Bxf6 11. c3 Ne7 12. Nxf6+ gxf6 13. Bd3 d5 14. Qe2 dxe4 15. Bxe4 Rb8 16. O-O f5 17. Bc2 Qc7 18. Rae1 Ng6 19. Qh5 Qc6 20. Bxf5 Bxf5 21. Qxf5 O-O 22. Nc2 f6 23. Ne3 Rb7 24. f3 Kh8 25. Qe4 Qb6 26. Kh1 Rd7 27. Rd1 Rfd8 28. Rxd7 Rxd7 29. Rd1 Rxd1+ 30. Nxd1 Qe6 31. b3 f5 32. Qa8+ Kg7 33. Ne3 Nf4 34. Qd8 h6 35. g3 Nh3 36. Kg2 Ng5 37. h4 Nf7 38. Qd3 f4 39. gxf4 exf4 40. Qd4+ Qe5 41. Nd5 a5 42. Kf2 b4 43. Qxe5+ Nxe5 44. cxb4 Nd3+ 45. Ke2 Nxb4 46. Nxb4 axb4 47. Kd3 Kg6 48. Ke4 1-0

[Event "23rd Hoogeveen Open 2019"]
[Site "Hoogeveen"]
[Date "2019.10.23"]
[Round "6.19"]
[White "Wiersma, Eelke"]
[Black "Takawira, Erick"]
[Result "1/2-1/2"]
[ECO "C84"]
[WhiteElo "2321"]
[BlackElo "2101"]
[Annotator "ChessBase"]
[PlyCount "47"]
[EventDate "2019.10.19"]
[EventType "swiss"]
[EventCountry "NED"]
[SourceTitle "playchess.com"]
[Source "ChessBase"]
[SourceQuality "1"]
[TimeControl "40/5400+30:1800+30"]

1. e4 e5 2. Nf3 Nc6 3. Bb5 a6 4. Ba4 Nf6 5. O-O Be7 6. d3 b5 7. Bb3 d6 8. a4 Rb8 9. axb5 axb5 10. c3 O-O 11. d4 exd4 12. cxd4 Bg4 13. Nc3 Qd7 14. d5 Ne5 15. Nxe5 dxe5 16. f3 Bc5+ 17. Kh1 Bh5 18. Qe2 Ne8 19. Be3 Bxe3 20. Qxe3 Bg6 21. f4 exf4 22. Rxf4 Nd6 23. e5 Rfe8 24. Qa7 1/2-1/2

[Event "23rd Hoogeveen Open 2019"]
[Site "Hoogeveen"]
[Date "2019.10.23"]
[Round "6.20"]
[White "Van Foreest, Machteld"]
[Black "Bhambure, Shantanu"]
[Result "1/2-1/2"]
[ECO "B51"]
[WhiteElo "2142"]
[BlackElo "2291"]
[Annotator "RC"]
[PlyCount "131"]
[EventDate "2019.10.19"]
[EventType "swiss"]
[EventCountry "NED"]
[SourceTitle "playchess.com"]
[Source "ChessBase"]
[SourceQuality "1"]
[TimeControl "40/5400+30:1800+30"]

1. e4 c5 2. Nf3 d6 3. Bb5+ Nd7 4. c3 Ngf6 5. Qe2 a6 6. Ba4 b5 7. Bc2 Bb7 8. O-O c4 9. b3 Qc7 10. Nd4 e5 11. Nf5 g6 12. Ng3 Bg7 13. bxc4 bxc4 14. Na3 Nb6 15. d3 cxd3 16. Qxd3 d5 17. exd5 Nfxd5 18. Rb1 Bc6 19. c4 Ne7 20. Bd2 Na4 21. Be3 Rd8 22. Qb3 O-O 23. Bb6 Nxb6 24. Qxb6 Qxb6 25. Rxb6 f5 26. c5 e4 27. Rxa6 Ra8 28. Rxa8 Rxa8 29. Bb3+ Kf8 30. Nc2 Rd8 31. Nb4 Bb5 32. Rd1 Rxd1+ 33. Bxd1 Bd4 34. a4 Bd7 35. Na6 Bc8 36. Be2 h5 37. Bb5 Nd5 38. Ne2 Be5 39. Bc4 Nf6 40. Nb4 Nd7 41. Nc6 Bc7 42. Na7 Ne5 43. Nxc8 Nxc4 44. Nd4 Ke8 45. Nb5 Be5 46. Nb6 Na5 47. Nd6+ Ke7 48. Nbc4 Nxc4 49. Nxc4 Bb8 50. a5 Kd7 51. a6 Kc6 52. Nd6 Ba7 53. h4 Bxc5 54. Nf7 Bd4 55. Ng5 Be5 56. Ne6 Bd6 57. Nd4+ Kb6 58. a7 Kb7 59. Nc6 f4 60. Kf1 f3 61. gxf3 exf3 62. Kg1 Bf4 63. Ne7 g5 64. hxg5 Bxg5 65. Nc6 Bf4 66. Nd4 1/2-1/2

[Event "23rd Hoogeveen Open 2019"]
[Site "Hoogeveen"]
[Date "2019.10.23"]
[Round "6.21"]
[White "Van Dorp, Folke"]
[Black "Van Dael, Siem"]
[Result "0-1"]
[ECO "B51"]
[WhiteElo "2086"]
[BlackElo "2273"]
[Annotator "ChessBase"]
[PlyCount "124"]
[EventDate "2019.10.19"]
[EventType "swiss"]
[EventCountry "NED"]
[SourceTitle "playchess.com"]
[Source "ChessBase"]
[SourceQuality "1"]
[TimeControl "40/5400+30:1800+30"]

1. e4 c5 2. Nf3 d6 3. Bb5+ Nd7 4. O-O a6 5. Bxd7+ Bxd7 6. Re1 e5 7. c3 c4 8. d3 cxd3 9. Qxd3 Rc8 10. a4 Be7 11. c4 Qc7 12. b3 b5 13. axb5 axb5 14. Na3 bxc4 15. bxc4 Nf6 16. Nb5 Bxb5 17. cxb5 O-O 18. Bg5 Qc4 19. Qxc4 Rxc4 20. Reb1 Rb8 21. Nd2 Rcc8 22. f3 Bd8 23. Be3 d5 24. Ba7 Rb7 25. Kf1 h6 26. Ke2 d4 27. Rb3 Nd7 28. f4 f6 29. fxe5 fxe5 30. Nf3 Rc2+ 31. Kf1 Rcc7 32. b6 Rc5 33. Ne1 Bxb6 34. Bxb6 Rxb6 35. Rxb6 Nxb6 36. Nd3 Rb5 37. Rc1 Kf7 38. Rc7+ Kf6 39. Rb7 g6 40. Ke2 Nd5 41. Ra7 Nb4 42. Nxb4 Rxb4 43. h4 Rb2+ 44. Kf3 Rb3+ 45. Kf2 Re3 46. Ra6+ Kf7 47. Ra7+ Kf8 48. Ra8+ Ke7 49. Ra7+ Kd8 50. Ra8+ Kc7 51. Ra7+ Kb6 52. Rg7 Rxe4 53. Rxg6+ Kc5 54. Rxh6 d3 55. Rh8 d2 56. Rd8 Rd4 57. Rxd4 Kxd4 58. Ke2 Kc3 59. Kd1 Kd3 60. h5 e4 61. h6 e3 62. h7 e2# 0-1

[Event "23rd Hoogeveen Open 2019"]
[Site "Hoogeveen"]
[Date "2019.10.23"]
[Round "6.22"]
[White "Van der Hagen, Loek"]
[Black "Adocchio, Giampiero"]
[Result "0-1"]
[ECO "B72"]
[WhiteElo "1983"]
[BlackElo "2184"]
[Annotator "ChessBase"]
[PlyCount "68"]
[EventDate "2019.10.19"]
[EventType "swiss"]
[EventCountry "NED"]
[SourceTitle "playchess.com"]
[Source "ChessBase"]
[SourceQuality "1"]
[TimeControl "40/5400+30:1800+30"]

1. e4 c5 2. Nf3 d6 3. d4 cxd4 4. Nxd4 Nf6 5. Nc3 g6 6. Be3 a6 7. f3 b5 8. Qd2 Bb7 9. O-O-O b4 10. Nce2 e5 11. Nb3 a5 12. Kb1 Nbd7 13. h4 h5 14. c3 d5 15. exd5 Nxd5 16. Bg5 Qb6 17. c4 N5f6 18. Ng3 a4 19. Nc1 Be7 20. Bd3 O-O 21. Qc2 b3 22. axb3 axb3 23. Nxb3 Qa7 24. Bxg6 Nc5 25. Kc1 Nxb3+ 26. Qxb3 fxg6 27. Bxf6 Rxf6 28. Rd7 Rb6 29. Qc2 Bc5 30. Kd2 Bb4+ 31. Ke2 Bxf3+ 32. gxf3 Qxd7 33. Rg1 Bc5 34. Rd1 Qh3 0-1